[Event "Titled Tuesday Blitz December 06 Early 2022"]
[White "Przybylski, Wojciech"]
[Black "Zaksaite, Salomeja"]
[WhiteFideId "1117599"]
[BlackFideId "12801496"]
[WhiteElo "2217"]
[BlackElo "2079"]
[Result "0-1"]
[Round "10"]
[TimeControl "180+1"]
[Date "2022.12.07"]
[WhiteClock "0:00:01"]
[BlackClock "0:00:04"]

1. e4 c5 2. Nf3 e6 3. b3 Nc6 4. Bb2 Nf6 5. Nc3 d6 6. d4 cxd4 7. Nxd4 Be7 8. Be2 O-O 9. O-O Bd7 10. Re1 Nxd4 11. Qxd4 Bc6 12. Bf3 e5 13. Qd3 Qc7 14. Rad1 a6 15. h3 b5 16. Rd2 Qb7 17. Qe3 Rac8 18. a3 Rfd8 19. Kh2 h6 20. Na2 a5 21. Bc3 Qa8 22. Bb2 Nh7 23. Qd3 Ng5 24. Nc3 Qb7 25. Bd1 f5 26. f3 fxe4 27. fxe4 Ne6 28. Nd5 Bg5 29. Rf2 Nc5 30. Qg3 Bxd5 31. exd5 Qxd5 32. Bg4 Bf4 33. Rxf4 exf4 34. Qxf4 Rf8 35. Qg3 Rce8 36. Rd1 Qg5 37. Qxd6 Ne4 38. Qd4 Nf2 39. Kg1 Nxd1 40. Qxd1 Qe3+ 41. Kh1 Qe1+ 42. Qxe1 Rxe1+ 43. Kh2 Rf2 44. Bd4 Rxc2 45. a4 bxa4 46. bxa4 Ra2 47. Bc3 Re4 48. Bxa5 Raxa4 49. Bc3 Rxg4 50. hxg4 Rxg4 51. Kh3 Rc4 52. Bd2 Kh7 53. Kg3 Kg6 54. Kf3 Rc2 55. Bb4 Kf5 56. Bf8 Kg6 57. g4 Rc4 58. Bd6 Ra4 59. Bc5 Kf7 60. Kg3 g6 61. Kf3 Ke6 62. Bf8 h5 63. gxh5 gxh5 64. Kg3 Kf5 65. Bc5 Kg6 66. Bd6 Rc4 67. Be7 Rc3+ 68. Kf4 Rc4+ 69. Kg3 Rg4+ 70. Kh3 Kf5 71. Bd8 Rg8 72. Be7 Rg7 73. Bd8 Rd7 74. Bb6 Rb7 75. Bd8 Rb4 76. Bc7 Rc4 77. Bd6 Rd4 78. Bc7 Kg5 79. Kg3 Rd3+ 80. Kh2 Kg4 81. Be5 h4 82. Bc7 Rd2+ 83. Kh1 Kh3 84. Kg1 Rd1+ 85. Kf2 Rd7 86. Be5 Rf7+ 87. Kg1 Rf5 88. Bd6 Rg5+ 89. Kf1 Rg2 90. Be5 Rg5 91. Bd6 Rg8 92. Kf2 Rg6 93. Bc7 Rg3 94. Bxg3 hxg3+ 95. Kg1 g2 96. Kf2 Kh2 0-1


[Site "https://www.chess.com"]

[Event "Titled Tuesday Blitz December 06 Early 2022"]
[White "Rakhmatullaev, Almas"]
[Black "Iskusnyh, Sergei"]
[WhiteFideId "14205793"]
[BlackFideId "4120027"]
[WhiteElo "2221"]
[BlackElo "2492"]
[Result "1/2-1/2"]
[Round "10"]
[TimeControl "180+1"]
[Date "2022.12.06"]
[WhiteClock "0:01:22"]
[BlackClock "0:00:58"]

1. e4 c5 2. c3 d5 3. exd5 Qxd5 4. d4 Nc6 5. Nf3 Nf6 6. Be3 cxd4 7. cxd4 e6 8. Nc3 Qd8 9. Bd3 Be7 10. O-O O-O 11. Rc1 b6 12. Ne4 Bb7 13. Nxf6+ Bxf6 14. Be4 Na5 15. Bxb7 Nxb7 16. Ne5 Nd6 17. Qf3 Nf5 18. Rfd1 Nxe3 19. fxe3 Bxe5 20. dxe5 Qg5 21. Qf4 Qg6 22. Rd7 Rad8 23. Rxd8 Rxd8 24. Qd4 Rf8 25. a3 h6 26. Rc7 Qb1+ 27. Kf2 Qf5+ 28. Qf4 Qb1 29. Qd4 Qf5+ 30. Kg3 Qg5+ 31. Kh3 Qh5+ 32. Kg3 Qg5+ 33. Kf2 Qf5+ 1/2-1/2


[Site "https://www.chess.com"]

[Event "Titled Tuesday Blitz December 06 Early 2022"]
[White "Rangel, Daniel"]
[Black "Rosenberg, Evan S"]
[WhiteFideId "2124475"]
[BlackFideId "2019299"]
[WhiteElo "2225"]
[BlackElo "2380"]
[Result "1/2-1/2"]
[Round "10"]
[TimeControl "180+1"]
[Date "2022.12.07"]
[WhiteClock "0:00:25"]
[BlackClock "0:00:13"]

1. d4 d5 2. c4 e6 3. Nc3 c5 4. cxd5 cxd4 5. Qxd4 Nc6 6. Qd1 exd5 7. Qxd5 Qc7 8. Qb3 Be6 9. Qa4 Nf6 10. Nf3 Bb4 11. Bf4 Qxf4 12. Qb5 Qc4 13. Qxc4 Bxc4 14. e3 Bxf1 15. Kxf1 Bxc3 16. bxc3 O-O 17. Ke2 Nd5 18. Rhc1 Rfe8 19. Nd4 Rac8 20. Rab1 Nxc3+ 21. Rxc3 Nxd4+ 22. Kd3 Rxc3+ 23. Kxc3 Ne6 24. Rxb7 Rc8+ 25. Kd2 a5 26. Ra7 Rd8+ 27. Ke2 Rd5 28. e4 Rb5 29. Ra8+ Nf8 30. Ke3 g5 31. a4 Rb3+ 32. Ke2 Rb4 33. Rxa5 Rxe4+ 34. Kf3 Rf4+ 35. Ke3 h6 36. Ra8 Kg7 37. a5 Ra4 38. a6 Ne6 39. g3 Nc7 40. Ra7 Nxa6 41. Kf3 Nc5 42. Rc7 Ne6 43. Rb7 h5 44. Kg2 g4 45. Rb2 Kg6 46. Re2 Ra3 47. Rb2 Nd4 48. h3 Nf3 49. hxg4 hxg4 50. Rb6+ f6 51. Rb4 Kg5 52. Rb5+ f5 53. Rb1 Ra2 54. Rf1 f4 55. gxf4+ Kxf4 56. Rb1 Ra4 57. Rb8 Re4 58. Rf8+ Kg5 59. Rg8+ Kf5 60. Rf8+ Ke5 61. Kg3 Nd4 62. Re8+ Ne6 63. Rg8 Ra4 64. Rxg4 Rxg4+ 65. Kxg4 Nf4 66. Kf3 Nd5 67. Ke2 Nf4+ 68. Kf3 Nd3 69. Ke3 Nxf2 1/2-1/2


[Site "https://www.chess.com"]

[Event "Titled Tuesday Blitz December 06 Early 2022"]
[White "Rian, Kapriaga"]
[Black "Chernomordik, Pavel"]
[WhiteFideId "7103263"]
[BlackFideId "2804530"]
[WhiteElo "2294"]
[BlackElo "2193"]
[Result "0-1"]
[Round "10"]
[TimeControl "180+1"]
[Date "2022.12.07"]
[WhiteClock "0:00:00"]
[BlackClock "0:00:19"]

1. d4 g6 2. e4 Bg7 3. Nc3 d6 4. Be3 a6 5. Qd2 b5 6. f3 Bb7 7. O-O-O Nd7 8. h4 h6 9. Kb1 Nb6 10. Bd3 e6 11. Nce2 Qd7 12. Nc1 a5 13. Nge2 Ne7 14. h5 g5 15. f4 gxf4 16. Nxf4 Nc4 17. Bxc4 bxc4 18. d5 c3 19. Qe2 cxb2 20. Nb3 a4 21. Nd4 Bxd4 22. Bxd4 e5 23. Bc3 a3 24. Rh3 Ba6 25. Qf2 Qg4 26. Re1 Rg8 27. Nd3 Qxg2 28. Qe3 Bc4 29. Nb4 f5 30. Rf3 f4 31. Qf2 Qxf2 0-1


[Site "https://www.chess.com"]

[Event "Titled Tuesday Blitz December 06 Early 2022"]
[White "Riehle, Marco"]
[Black "Moroni, Luca Jr"]
[WhiteFideId "12904392"]
[BlackFideId "865834"]
[WhiteElo "2462"]
[BlackElo "2573"]
[Result "1-0"]
[Round "10"]
[TimeControl "180+1"]
[Date "2022.12.06"]
[WhiteClock "0:00:21"]
[BlackClock "0:00:12"]

1. e4 d6 2. d4 e5 3. d5 f5 4. exf5 Bxf5 5. Bd3 Bxd3 6. Qxd3 Nf6 7. Nc3 Nbd7 8. Be3 Qe7 9. f3 a6 10. O-O-O Qf7 11. Nge2 g6 12. Ng3 h5 13. Nge4 Nxe4 14. Nxe4 Bh6 15. Bxh6 Rxh6 16. Ng5 Qf4+ 17. Qd2 Qxd2+ 18. Rxd2 Nf6 19. f4 exf4 20. Rf1 Ng4 21. Rxf4 Ne5 22. Re2 O-O-O 23. g3 Rhh8 24. Nf7 Nxf7 25. Rxf7 Rde8 26. Kd2 Rxe2+ 27. Kxe2 Re8+ 28. Kd3 Re5 29. c4 b5 30. b3 Kb7 31. Rg7 Rg5 32. Rf7 Rg4 33. Rf4 Rxf4 34. gxf4 Kb6 35. a3 a5 36. Kd4 a4 37. b4 bxc4 38. Kxc4 h4 39. Kc3 Kb5 40. Kd4 h3 41. Kd3 Ka6 42. Ke3 Kb6 43. Kd4 Kb7 44. Kc4 Ka6 45. Kc3 Kb6 46. Kd3 Kb5 47. Kd4 Ka6 48. Ke4 Kb7 49. Kf3 Ka6 50. Kg4 Kb5 51. Kg5 Kc4 52. Kxg6 Kb3 53. f5 Kxa3 54. f6 Kb2 55. f7 a3 56. f8=Q a2 57. Qg7+ Kb1 58. Kf7 a1=Q 59. Qxa1+ Kxa1 60. Ke7 Kb2 61. Kd7 Kc3 62. Kxc7 Kd4 63. Kxd6 Ke3 64. b5 Kf2 65. b6 Kg2 66. b7 Kxh2 67. b8=Q Kg2 68. Qg8+ Kh1 69. Qf7 h2 70. Qf1# 1-0


[Site "https://www.chess.com"]

[Event "Titled Tuesday Blitz December 06 Early 2022"]
[White "Rustemov, Alexander"]
[Black "Barria Zuniga, Daniel"]
[WhiteFideId "4119002"]
[BlackFideId "3400816"]
[WhiteElo "2800"]
[BlackElo "2414"]
[Result "1/2-1/2"]
[Round "10"]
[TimeControl "180+1"]
[Date "2022.12.06"]
[WhiteClock "0:00:33"]
[BlackClock "0:00:10"]

1. d4 Nf6 2. c4 e6 3. Nf3 b6 4. a3 Bb7 5. Nc3 g6 6. Bf4 Bg7 7. e3 O-O 8. h3 d6 9. Be2 Nbd7 10. Qc2 Qe7 11. O-O e5 12. Bh2 a6 13. Rfd1 Rfe8 14. Rac1 e4 15. Nd2 c5 16. Nf1 Rad8 17. Rd2 Nf8 18. Rcd1 Ne6 19. dxc5 dxc5 20. Bd6 Rxd6 21. Rxd6 Nd4 22. R6xd4 cxd4 23. exd4 Nd7 24. Ne3 f5 25. Ned5 Qg5 26. Qd2 Qxd2 27. Rxd2 Kf7 28. b4 Rc8 29. c5 bxc5 30. dxc5 Ke8 31. Na4 Be5 32. Ndb6 Nxb6 33. Nxb6 Rd8 34. Rxd8+ Kxd8 35. Nc4 Bc3 36. Kf1 Bd5 37. Nb6 Bb7 38. g3 Bb2 39. Nc4 Bc1 40. Ke1 Bd5 41. Kd1 Bxc4 42. Bxc4 Bxa3 43. Bxa6 Bxb4 44. c6 Kc7 45. Bb5 Kd6 46. Ke2 Bc5 47. h4 Bb6 48. Ba4 Ke5 49. Bb3 h6 50. f4+ exf3+ 51. Kxf3 g5 52. h5 g4+ 53. Kg2 Bc7 54. Bc2 Kf6 55. Kf2 Kg5 56. Kg2 Kxh5 57. Bxf5 Kg5 58. Bd7 h5 59. Kf2 h4 60. gxh4+ Kxh4 61. Kg2 Kg5 62. Bc8 Bd6 63. Bd7 Bc7 64. Bc8 g3 65. Kf3 Kf6 66. Bd7 Ke7 1/2-1/2


[Site "https://www.chess.com"]

[Event "Titled Tuesday Blitz December 06 Early 2022"]
[White "Salem, A.R. Saleh"]
[Black "Artemenko, Oleg"]
[WhiteFideId "9301348"]
[BlackFideId "14201798"]
[WhiteElo "2633"]
[BlackElo "2287"]
[Result "0-1"]
[Round "10"]
[TimeControl "180+1"]
[Date "2022.12.06"]
[WhiteClock "0:00:18"]
[BlackClock "0:00:22"]

1. d4 e6 2. c4 b6 3. Nf3 Nf6 4. a3 Bb7 5. Nc3 Be7 6. d5 O-O 7. e4 exd5 8. cxd5 Re8 9. Bd3 c6 10. d6 Bxd6 11. O-O h6 12. Re1 Ng4 13. Bc2 Bc5 14. Re2 Ba6 15. Rd2 Qf6 16. h3 Ne5 17. Nxe5 Qxe5 18. Na4 Bf8 19. Rd4 d5 20. Be3 Nd7 21. exd5 c5 22. Re4 Qf6 23. Rf4 Qe5 24. Nc3 Bd6 25. Ne4 Re7 26. Qg4 Rae8 27. g3 Bc8 28. Rf5 Qxb2 29. Nxd6 Qxa1+ 30. Kg2 Ne5 31. Qf4 Bxf5 32. Qxf5 Ng6 33. Nxf7 Rxf7 34. Qxg6 Rxe3 35. d6 Rxf2+ 36. Kxf2 Qe1+ 37. Kg2 Qd2+ 0-1


[Site "https://www.chess.com"]

[Event "Titled Tuesday Blitz December 06 Early 2022"]
[White "Salinas Herrera, Pablo"]
[Black "Kleiman, Jake"]
[WhiteFideId "3407128"]
[BlackFideId "2020041"]
[WhiteElo "2557"]
[BlackElo "2564"]
[Result "1-0"]
[Round "10"]
[TimeControl "180+1"]
[Date "2022.12.07"]
[WhiteClock "0:00:17"]
[BlackClock "0:00:10"]

1. d4 Nf6 2. Bf4 e6 3. e3 d5 4. Nf3 Bd6 5. Nbd2 O-O 6. Bd3 b6 7. Qe2 a5 8. Ne5 Ba6 9. c4 c5 10. dxc5 bxc5 11. O-O Qc7 12. Ndf3 Nc6 13. Nxc6 Bxf4 14. exf4 Qxc6 15. Ne5 Qc7 16. Rac1 a4 17. cxd5 Bxd3 18. Nxd3 Nxd5 19. Rxc5 Qd6 20. g3 Rfb8 21. Rfc1 h6 22. Ne5 Rf8 23. h4 Rfe8 24. R1c4 Qb6 25. Rc6 Qb5 26. Qh5 Rf8 27. Rc2 Nb4 28. R2c5 Qb8 29. Rc7 Qe8 30. Rb7 Nd5 31. Nd7 Qe7 32. Rcb5 Qd6 33. Nxf8 Rxf8 34. Qd1 Qc6 35. Rb8 Rxb8 36. Rxb8+ Kh7 37. h5 Qc4 38. Qb1+ f5 39. Qe1 Nf6 40. Rb4 Qc2 41. Qxe6 Ng4 42. Qg6+ 1-0


[Site "https://www.chess.com"]

[Event "Titled Tuesday Blitz December 06 Early 2022"]
[White "Salman, Pavel"]
[Black "Liu, Xiangyi"]
[WhiteFideId "24153753"]
[BlackFideId "8605718"]
[WhiteElo "2187"]
[BlackElo "2323"]
[Result "0-1"]
[Round "10"]
[TimeControl "180+1"]
[Date "2022.12.06"]
[WhiteClock "0:00:02"]
[BlackClock "0:00:25"]

1. Nf3 Nf6 2. g3 g6 3. Bg2 Bg7 4. O-O O-O 5. d3 d5 6. Nbd2 c5 7. e4 Nc6 8. Re1 d4 9. a4 e5 10. Nc4 Re8 11. Bg5 h6 12. Bd2 Qc7 13. Qc1 Kh7 14. a5 Be6 15. b3 b5 16. axb6 axb6 17. Rxa8 Rxa8 18. Nh4 b5 19. Nb2 Nb4 20. f4 Na2 21. Qd1 Nc3 22. Qf3 Ra2 23. Bc1 Qa5 24. f5 Bd7 25. Rf1 g5 26. h3 Ra1 27. Kh2 Qa2 28. Nd1 Qxc2 29. Nxc3 Qxc3 30. Qe2 Rxc1 31. Rd1 Rxd1 0-1


[Site "https://www.chess.com"]

[Event "Titled Tuesday Blitz December 06 Early 2022"]
[White "Saravana, Krishnan P."]
[Black "Quinones Garcia, Santiago"]
[WhiteFideId "5018382"]
[BlackFideId "4408497"]
[WhiteElo "2190"]
[BlackElo "2249"]
[Result "0-1"]
[Round "10"]
[TimeControl "180+1"]
[Date "2022.12.07"]
[WhiteClock "0:00:02"]
[BlackClock "0:00:19"]

1. Nf3 d5 2. g3 c6 3. Bg2 Nf6 4. O-O Bg4 5. c4 Nbd7 6. d3 e5 7. Nc3 Bd6 8. cxd5 cxd5 9. h3 Bh5 10. e4 d4 11. Nb5 Be7 12. a4 O-O 13. Bd2 a6 14. Na3 Rc8 15. a5 Nc5 16. Bb4 Nfd7 17. g4 Bg6 18. Re1 Bd6 19. Nc4 Qe7 20. Nxd6 Qxd6 21. Rc1 Rfe8 22. Re2 Qb8 23. Rec2 Ne6 24. Bd6 Qxd6 25. Rxc8 Rxc8 26. Rxc8+ Ndf8 27. Qb3 Qd7 28. Rb8 Qc7 29. Rxb7 Qc1+ 30. Bf1 Nc5 31. Qb4 h5 32. Rc7 Nfe6 33. Rc8+ Kh7 34. gxh5 Bxh5 35. Nxe5 Be2 36. Kh2 Qxf1 37. Ng4 Bxg4 38. hxg4 Qxf2+ 39. Kh1 Nf4 0-1


[Site "https://www.chess.com"]

[Event "Titled Tuesday Blitz December 06 Early 2022"]
[White "Sargsyan, Anna M."]
[Black "Ovchinnikov, Vsevolod"]
[WhiteFideId "13308130"]
[BlackFideId "24176842"]
[WhiteElo "2284"]
[BlackElo "2376"]
[Result "0-1"]
[Round "10"]
[TimeControl "180+1"]
[Date "2022.12.07"]
[WhiteClock "0:01:37"]
[BlackClock "0:00:57"]

1. d4 Nf6 2. c4 g6 3. g3 d5 4. cxd5 Nxd5 5. e4 Nb6 6. Bg2 Bg7 7. Ne2 c5 8. d5 e6 9. Nbc3 exd5 10. exd5 O-O 11. O-O Na6 12. Bf4 Re8 13. Re1 Bf5 14. a3 g5 15. Bc1 h6 16. b3 Rxe2 17. Rxe2 Bxc3 18. Bb2 Bxb2 19. Rxb2 Qf6 20. Rd2 Qd6 21. h4 Re8 22. Qh5 Qf6 23. hxg5 Qxa1+ 24. Kh2 hxg5 25. Qxg5+ Bg6 26. d6 Qh8+ 27. Bh3 Nd7 0-1


[Site "https://www.chess.com"]

[Event "Titled Tuesday Blitz December 06 Early 2022"]
[White "Simonovic, Miroslav"]
[Black "Ramirez Vido, Robert Yorisan"]
[WhiteFideId "919152"]
[BlackFideId "3513823"]
[WhiteElo "2057"]
[BlackElo "2361"]
[Result "1-0"]
[Round "10"]
[TimeControl "180+1"]
[Date "2022.12.07"]
[WhiteClock "0:00:46"]
[BlackClock "0:00:02"]

1. d4 g6 2. Bg5 Bg7 3. h4 c5 4. c3 cxd4 5. cxd4 Nf6 6. Bxf6 Bxf6 7. e3 h5 8. Qc2 Nc6 9. a3 Qa5+ 10. Nd2 d6 11. Nf3 Bg4 12. Bd3 Rc8 13. Qb1 Bxf3 14. gxf3 e5 15. b4 Qd8 16. d5 Nb8 17. Bxg6 fxg6 18. Qxg6+ Ke7 19. Ne4 Nd7 20. Kd2 Qg8 21. Qf5 Qxd5+ 22. Ke2 Rc2+ 23. Kf1 Qd3+ 24. Kg2 Rg8+ 25. Kh3 d5 26. Rad1 Qe2 27. Rxd5 Rc7 28. Rhd1 Qxf2 29. Nxf2 1-0


[Site "https://www.chess.com"]

[Event "Titled Tuesday Blitz December 06 Early 2022"]
[White "Sjugirov, Sanan"]
[Black "Predke, Alexandr"]
[WhiteFideId "4189302"]
[BlackFideId "24107581"]
[WhiteElo "2613"]
[BlackElo "2616"]
[Result "1/2-1/2"]
[Round "10"]
[TimeControl "180+1"]
[Date "2022.12.06"]
[WhiteClock "0:00:06"]
[BlackClock "0:00:06"]

1. e4 c5 2. Nf3 e6 3. d3 Nc6 4. g3 g6 5. Bg2 Bg7 6. h4 h6 7. O-O d6 8. c3 e5 9. Be3 Bg4 10. Qb3 Nge7 11. Nbd2 O-O 12. Nh2 Be6 13. Qd1 b6 14. h5 g5 15. f4 exf4 16. gxf4 gxf4 17. Bxf4 f5 18. Kh1 Kh8 19. Qe2 Qd7 20. Qe3 Ng8 21. exf5 Bxf5 22. Nc4 Rae8 23. Qg3 Ne5 24. Bxe5 Bxe5 25. Nxe5 Rxe5 26. Rf2 Rfe8 27. Raf1 Re3 28. Rf3 Rxf3 29. Qxf3 Re5 30. Qg3 Qe7 31. Rg1 Bh7 32. Bf3 Rg5 33. Qf4 Rxg1+ 34. Kxg1 Bxd3 35. Ng4 Be2 36. Bxe2 Qxe2 37. Nxh6 Qe1+ 38. Kg2 Qe2+ 39. Kg1 Qd1+ 40. Kg2 Qc2+ 41. Kg1 Qb1+ 42. Kg2 Qxb2+ 43. Kg1 Qa1+ 44. Kg2 Qb2+ 45. Kg1 Qb1+ 46. Kg2 Qc2+ 47. Kg1 Qd1+ 48. Kg2 Qe2+ 49. Kg1 Qxh5 50. Nf7+ Kg7 51. Nxd6 Nf6 52. Nf5+ Kg6 53. Ne7+ Kf7 54. Nf5 Qg4+ 55. Qxg4 Nxg4 56. Nd6+ Ke6 57. Nc8 Kd7 58. Nxa7 Ne3 59. Nb5 Kc6 60. Na7+ Kb7 61. Nb5 Ka6 62. Nd6 b5 63. Ne4 Kb6 64. Kf2 Nd5 65. Ke2 b4 66. Kd2 bxc3+ 67. Nxc3 Nxc3 68. Kxc3 Ka5 69. a4 Kxa4 70. Kc4 Ka3 71. Kxc5 1/2-1/2


[Site "https://www.chess.com"]

[Event "Titled Tuesday Blitz December 06 Early 2022"]
[White "Skibbe, Willi"]
[Black "Lehtosaari, Mauri"]
[WhiteFideId "4682190"]
[BlackFideId "501999"]
[WhiteElo "2379"]
[BlackElo "2496"]
[Result "1/2-1/2"]
[Round "10"]
[TimeControl "180+1"]
[Date "2022.12.07"]
[WhiteClock "0:00:19"]
[BlackClock "0:00:12"]

1. f4 d5 2. Nf3 Nf6 3. g3 Bf5 4. d3 e6 5. Bg2 h6 6. O-O Be7 7. Qe1 O-O 8. Nbd2 Bh7 9. e4 c5 10. e5 Nfd7 11. c3 Nc6 12. Qe2 b5 13. d4 cxd4 14. Nxd4 Nxd4 15. cxd4 b4 16. g4 Rc8 17. f5 Rc2 18. Qd3 Qc7 19. Nb3 Rc8 20. Kh1 Qc4 21. Qh3 exf5 22. gxf5 Nf8 23. f6 Bd8 24. Bxh6 Rxg2 25. Qxg2 Be4 26. Rf3 Ng6 27. Be3 gxf6 28. exf6 Bxf6 29. Raf1 Bg7 30. Kg1 Bxf3 31. Qxf3 Qc7 32. Nc5 Re8 33. Nd3 Qe7 34. Bf2 Qe4 35. Qxe4 dxe4 36. Nxb4 e3 37. Bg3 Bxd4 38. Kg2 Bxb2 39. Nd5 Bd4 40. Kf3 Ne5+ 41. Bxe5 Rxe5 42. Nf6+ Kg7 43. Ng4 Re6 44. Re1 Ra6 45. Re2 Ra3 46. Rg2 Kf8 47. Rc2 Bb6 48. Ke2 Ke7 49. Ne5 Ke6 50. Nc4 Ra6 51. Nxe3 Bxe3 52. Kxe3 Ra3+ 53. Ke4 f5+ 54. Kf4 Ra4+ 55. Kf3 Kf6 56. Rg2 Ra3+ 57. Kf4 Ra4+ 58. Kf3 Ke5 59. Re2+ Kd5 60. Rd2+ Ke5 61. Re2+ Kf6 62. Rg2 1/2-1/2


[Site "https://www.chess.com"]

[Event "Titled Tuesday Blitz December 06 Early 2022"]
[White "Slovineanu"]
[Black "Donskov, Anatoly"]
[BlackFideId "24143413"]
[WhiteElo "2238"]
[BlackElo "2219"]
[Result "1/2-1/2"]
[Round "10"]
[TimeControl "180+1"]
[Date "2022.12.07"]
[WhiteClock "0:00:06"]
[BlackClock "0:00:17"]

1. d4 d5 2. Nf3 Nf6 3. c4 dxc4 4. e3 e6 5. Bxc4 c5 6. O-O a6 7. dxc5 Bxc5 8. Qxd8+ Kxd8 9. Rd1+ Ke7 10. a3 b6 11. b4 Bd6 12. Bb2 Nbd7 13. Nc3 Bb7 14. Be2 Rac8 15. Rd2 Rhd8 16. Rad1 Nf8 17. Na4 Bc7 18. Rxd8 Rxd8 19. Rxd8 Bxd8 20. Ne5 N8d7 21. Bf3 Bxf3 22. gxf3 b5 23. Nc6+ Ke8 24. Nc3 Bc7 25. Ne4 Nxe4 26. fxe4 f6 27. f4 Nb6 28. Na5 Na4 29. Ba1 Kd7 30. Nb3 e5 31. f5 Kc6 32. Kf2 Bd6 33. Ke2 Nb6 34. Kd3 Nc4 35. a4 Bxb4 36. axb5+ Kxb5 37. Bc3 Bxc3 38. Kxc3 Nxe3 39. Kd3 Nc4 40. Nc1 a5 41. Ne2 a4 42. Kc3 Nd6 43. Ng3 Kc5 44. Kb2 Kd4 45. Nh5 Kxe4 46. Nxg7 Kf4 47. Ka3 Nxf5 48. Ne8 Kg5 49. Kxa4 Nh4 50. Kb4 Nf3 51. h3 h5 52. Kc3 h4 53. Kd3 Ng1 54. Ke4 Nxh3 55. Ng7 Nf2+ 56. Kf3 Nd3 57. Ne6+ Kg6 58. Ke4 Nf2+ 59. Kf3 Nd1 60. Kg4 f5+ 61. Kxh4 Kf6 62. Nc5 e4 63. Kg3 Ke5 64. Nd7+ Kd4 65. Kf4 e3 66. Ne5 e2 67. Nf3+ Kd3 68. Ne1+ Kd2 69. Nf3+ Kd3 70. Ne1+ Kd4 71. Nf3+ Kd3 1/2-1/2


[Site "https://www.chess.com"]

[Event "Titled Tuesday Blitz December 06 Early 2022"]
[White "Tarlabasi, Emirhan"]
[Black "Turzo, Attila"]
[WhiteFideId "6350275"]
[BlackFideId "704954"]
[WhiteElo "2200"]
[BlackElo "2493"]
[Result "0-1"]
[Round "10"]
[TimeControl "180+1"]
[Date "2022.12.07"]
[WhiteClock "0:00:07"]
[BlackClock "0:00:17"]

1. Nf3 Nf6 2. c4 g6 3. b3 Bg7 4. Bb2 O-O 5. g3 c5 6. Bg2 d5 7. cxd5 Qxd5 8. O-O Qh5 9. d3 Bh3 10. Qd2 Bxg2 11. Kxg2 Nc6 12. Qg5 Qxg5 13. Nxg5 Nd4 14. Nc3 Rfd8 15. Nf3 a6 16. Rac1 b5 17. Rfe1 Rac8 18. Ng5 Nd5 19. Nxd5 Rxd5 20. Bxd4 Bxd4 21. Nf3 Rdd8 22. Rc2 Kf8 23. Rec1 c4 24. dxc4 bxc4 25. Rxc4 Rxc4 26. Rxc4 Bf6 27. Rc6 a5 28. Ra6 Rd5 29. e4 Rc5 30. Ne1 Rc1 31. Nd3 Rd1 32. Nf4 Bc3 33. Nd5 Be1 34. Ra8+ Kg7 35. Nxe7 Rd2 36. Kf1 Bxf2 37. Rxa5 Bb6 38. Rb5 Bd4 39. Rd5 Rf2+ 40. Ke1 Bb6 41. Nc8 Be3 42. Rd3 Bc5 43. Rd5 Be3 44. Nd6 Rxh2 45. Nc4 Bf2+ 46. Kf1 Bxg3 47. a3 Ra2 48. b4 h5 49. b5 h4 50. Ne3 h3 51. Ng4 h2 52. Nxh2 Bxh2 53. b6 Rxa3 54. Rb5 Ra6 55. b7 Bb8 56. Ke2 Re6 57. Kd3 Kf6 58. Kd4 g5 59. Rf5+ Kg6 60. Rc5 Re7 61. Rb5 g4 62. Ke3 g3 63. e5 Kf5 64. Kf3 Rxe5 65. Rb4 Re8 66. Rc4 Ke6 67. Rc8 Kd7 68. Rc4 Bd6 69. Rd4 Rb8 70. Rd5 Kc6 71. Rf5 Rxb7 72. Rf6 Kd5 73. Kg2 Be5 74. Rf3 Ke4 75. Ra3 f5 76. Kg1 f4 77. Kg2 Rb2+ 78. Kg1 Bd4+ 79. Kf1 g2+ 0-1


[Site "https://www.chess.com"]

[Event "Titled Tuesday Blitz December 06 Early 2022"]
[White "Tarnowska, Aleksandra"]
[Black "Mitrovic, Darko R"]
[WhiteFideId "1180967"]
[BlackFideId "927023"]
[WhiteElo "1776"]
[BlackElo "2150"]
[Result "1-0"]
[Round "10"]
[TimeControl "180+1"]
[Date "2022.12.07"]
[WhiteClock "0:00:21"]
[BlackClock "0:00:01"]

1. e4 e6 2. d4 d5 3. Nd2 Nf6 4. e5 Nfd7 5. Bd3 c5 6. c3 b6 7. Ne2 a5 8. O-O Ba6 9. Nf3 Bxd3 10. Qxd3 Nc6 11. Bf4 Qc8 12. Rac1 Qa6 13. Qc2 Be7 14. Ng3 Rc8 15. Qd2 O-O 16. Rfe1 cxd4 17. Nxd4 Nxd4 18. Qxd4 Qc4 19. Qxc4 Rxc4 20. Bd2 Rfc8 21. Rcd1 b5 22. a3 g6 23. h3 h5 24. Re2 b4 25. axb4 axb4 26. Nf1 bxc3 27. Bxc3 Rb8 28. Ne3 Rc7 29. Nc2 Nc5 30. Nd4 Ne4 31. Ba5 Rc4 32. f3 Bc5 33. fxe4 1-0


[Site "https://www.chess.com"]

[Event "Titled Tuesday Blitz December 06 Early 2022"]
[White "Tasev, Dejan"]
[Black "Muminova, Nafisa"]
[WhiteFideId "936618"]
[BlackFideId "14201526"]
[WhiteElo "2253"]
[BlackElo "2258"]
[Result "1-0"]
[Round "10"]
[TimeControl "180+1"]
[Date "2022.12.07"]
[WhiteClock "0:00:43"]
[BlackClock "0:00:11"]

1. e4 e6 2. d4 d5 3. Nc3 Nf6 4. e5 Nfd7 5. f4 c5 6. Nf3 Nc6 7. Be3 Qb6 8. Qd2 Qxb2 9. Rb1 Qa3 10. Be2 a6 11. O-O cxd4 12. Nxd4 Bb4 13. Rb3 Qa5 14. a3 Bc5 15. Kh1 O-O 16. f5 Ndxe5 17. f6 gxf6 18. Rxf6 Be7 19. Bg5 Qc5 20. Nxc6 bxc6 21. Na4 Nc4 22. Qf4 Qd6 23. Qh4 Qe5 24. Rh3 Qe4 25. Qh5 Ne5 26. Nc3 Qxc2 27. Rg3 Ng6 28. Qh6 Bxf6 29. Bxf6 1-0


[Site "https://www.chess.com"]

[Event "Titled Tuesday Blitz December 06 Early 2022"]
[White "Tay, Junior"]
[Black "Sakun, Volodymyr"]
[WhiteFideId "5800439"]
[BlackFideId "14114062"]
[WhiteElo "2216"]
[BlackElo "2319"]
[Result "0-1"]
[Round "10"]
[TimeControl "180+1"]
[Date "2022.12.07"]
[WhiteClock "0:01:31"]
[BlackClock "0:01:03"]

1. e4 c6 2. Nf3 d5 3. exd5 cxd5 4. Ne5 Nc6 5. d4 Nxe5 6. dxe5 e6 7. Bd3 Qc7 8. Qe2 Ne7 9. Nd2 Nc6 10. Nf3 h6 11. c3 g5 12. h3 Bg7 13. O-O Nxe5 14. Nxe5 Bxe5 15. Bb5+ Kf8 16. Bd2 Bf4 17. Rae1 Kg7 18. g3 Bxd2 19. Qxd2 e5 20. g4 Be6 21. Re2 f6 22. Ba4 h5 23. Bc2 hxg4 24. Qd3 e4 25. Qg3 Qxg3+ 26. fxg3 Rxh3 27. Kg2 Rah8 0-1


[Site "https://www.chess.com"]

[Event "Titled Tuesday Blitz December 06 Early 2022"]
[White "Tologon tegin, Semetei"]
[Black "Topalov, Aleksandar"]
[WhiteFideId "13800574"]
[BlackFideId "925659"]
[WhiteElo "2264"]
[BlackElo "2151"]
[Result "1-0"]
[Round "10"]
[TimeControl "180+1"]
[Date "2022.12.07"]
[WhiteClock "0:00:06"]
[BlackClock "0:00:01"]

1. e4 e6 2. d4 d5 3. e5 Ne7 4. Nf3 Qd7 5. Bd3 b6 6. O-O Ba6 7. c3 Bxd3 8. Qxd3 c5 9. Be3 Nf5 10. Nbd2 Nc6 11. a3 Be7 12. b4 O-O 13. dxc5 Nxe3 14. Qxe3 bxc5 15. bxc5 Na5 16. c4 dxc4 17. Rac1 Qd5 18. Ne4 Rac8 19. Rcd1 Qc6 20. Nd4 Qa4 21. Nd6 Rb8 22. Qh3 Nc6 23. Nxe6 fxe6 24. Qxe6+ Kh8 25. Nf7+ Rxf7 26. Qxf7 Bxc5 27. Rd7 Bf8 28. Rc7 Nxe5 29. Qe6 Ng6 30. Rxc4 Qxa3 31. Rc8 Rxc8 32. Qxc8 a5 33. Qa8 a4 34. g3 Qa2 35. h4 h5 36. Qa5 Kg8 37. Qxh5 Qe6 38. Qd1 a3 39. Re1 Qf7 40. Re2 Bc5 41. Qc2 1-0


[Site "https://www.chess.com"]